 Dungeon Crawl Stone Soup version 0.27-a0-1378-gdefffd1ff6 (webtiles) character file.

Game seed: 4346751933510787918

515 blackman the Skirmisher (level 7, -8/63 HPs)
             Began as a Hill Orc Fighter on June 29, 2021.
             Was an Initiate of Beogh.
             Mangled by an ogre (16 damage)
             ... on level 4 of the Dungeon.
             The game lasted 00:44:35 (3138 turns).

blackman the Skirmisher (Hill Orc Fighter)          Turns: 3138, Time: 00:44:36

Health: -8/63      AC:  8    Str: 21    XL:     7   Next: 20%
Magic:  7/7        EV:  7    Int:  8    God:    Beogh [......]
Gold:   130        SH: 15    Dex: 12    Spells: 6/6 levels left

rFire    . . .     SeeInvis .   a - +0 war axe
rCold    . . .     Faith    .   c - +0 kite shield
rNeg     . . .     Spirit   .   b - +0 scale mail
rPois    .         Reflect  +   l - +1 hat
rElec    .         Harm     .   (no cloak)
rCorr    .         Rampage  .   (no gloves)
Will     .....     Clarity  +   (no boots)
Stlth    +.........             m - amulet of reflection
HPRegen  0.20/turn              (no ring)
MPRegen  0.10/turn              (no ring)

@: no status effects
A: thin skeletal structure 1, clarity, screaming 1
a: Renounce Religion


You were on level 4 of the Dungeon.
You worshipped Beogh.
Beogh was noncommittal.
You visited 1 branch of the dungeon, and saw 5 of its levels.

You collected 130 gold pieces.

Inventory:

Hand Weapons
 a - a +0 war axe (weapon)
 g - a +2 antimagic short sword
 i - a +1 short sword of draining
 j - a +2 vampiric whip
Armour
 b - a +0 scale mail (worn)
 c - a +0 kite shield (worn)
 e - a +0 barding
 h - a +0 ring mail
 k - a +0 scale mail
 l - a +1 hat (worn)
 n - a +2 robe of positive energy
Jewellery
 m - an amulet of reflection (around neck)
Scrolls
 d - a scroll of vulnerability
 p - a scroll of amnesia
Potions
 f - a potion of magic


   Skills:
 * Level 6.2 Fighting
 - Level 0.2 Short Blades
 * Level 5.8 Axes
 - Level 0.3(3.0) Maces & Flails
 + Level 4.6 Armour
 + Level 4.8 Shields


You had 6 spell levels left.
You didn't know any spells.
Your spell library contained the following spells:

 Spells                   Type           Power      Damage    Failure   Level
 Sandblast                Erth           0%         2d4       99%         1
 Passwall                 Tmut/Erth      0%         N/A       99%         2
 Stone Arrow              Conj/Erth      0%         3d7       100%        3
 Petrify                  Tmut/Erth      0%         N/A       100%        4
 Lee's Rapid Deconstruct  Erth           0%         3d5*      100%        5


Dungeon Overview and Level Annotations

Branches:
Dungeon (5/15)
 Temple: D:4-7

Altars:

Shops:
D:4 =


Innate Abilities, Weirdness & Mutations

You have a somewhat thin skeletal structure. (Dex +2, Stealth+)
You possess an exceptional clarity of mind.
You occasionally shout uncontrollably at your foes.


Message History

Beogh accepts your kill.
The killer bee zombie hits you but does no damage.
The hound bites you but does no damage.
The killer bee zombie hits you but does no damage.
The hound bites you but does no damage.
The killer bee zombie hits you but does no damage.
You have reached level 7!
You hit the killer bee zombie.
The killer bee zombie is moderately damaged.
You slash the hound!
You block the killer bee zombie's attack.
The hound bites you but does no damage.
You block the killer bee zombie's attack.
The hound bites you but does no damage. The killer bee zombie hits you.
The hound closely misses you.
You block the killer bee zombie's attack.
The hound bites you but does no damage.
You block the killer bee zombie's attack. x2
You block the hound's attack.
The killer bee zombie hits you but does no damage.
The hound bites you but does no damage.
The killer bee zombie completely misses you.
You block the killer bee zombie's attack.
The hound bites you but does no damage. You block the hound's attack.
The killer bee zombie hits you but does no damage.
The killer bee zombie hits you.
* * * LOW HITPOINT WARNING * * *
Found a stone staircase leading down.
You block the ogre's attack. The hound bites you but does no damage.
The killer bee zombie hits you but does no damage.
There is a stone staircase leading up here.
You block the killer bee zombie's attack.
You block the hound's attack. The ogre hits you with a +0 giant club!
* * * LOW HITPOINT WARNING * * *
You climb upwards.
There is a stone staircase leading down here.
You can't go up here!
The hound completely misses you. The hound bites you but does no damage.
The ogre hits you with a +0 giant club!
You die...

#######################
#......................
#.#####################
#.####...#### #....'......#
######@...>.# #.#....+Oh....#
#.#.#.##......# #.#.#..'......#
### #.#.#.##......#.##### #..
#.#...........#.....# #..
#######.#...#.......#####)#.#..
......#.....................#..
#................######.###..


You could see an ogre and a hound.

Vanquished Creatures
  A black bear (D:4)
  An ogre (D:5)
  A bullfrog (D:5)
  2 hounds
  An iguana (D:3)
  Jessica (D:2)
  Natasha (thrice) (D:2)
  2 adders
  2 worms (D:2)
  2 dart slugs
  2 orcs (D:3)
  7 bats
  4 endoplasms
  A giant cockroach (D:1)
  3 goblins
  6 hobgoblins
  8 jackals
  7 kobolds
  3 quokkas
  5 ball pythons
  6 frilled lizards
  3 rats
71 creatures vanquished.

Vanquished Creatures (others)
  An orc (D:3)
  A rat (D:3)
2 creatures vanquished.

Grand Total: 73 creatures vanquished

Notes
Turn   | Place    | Note
-------+----------+-------------------------------------------
     0 | D:1      | blackman the Hill Orc Fighter began the quest for the Orb.
     0 | D:1      | Reached XP level 1. HP: 19/19 MP: 1/1
   212 | D:1      | Reached XP level 2. HP: 20/27 MP: 0/2
   772 | D:2      | Reached skill level 4 in Fighting
   934 | D:2      | Reached XP level 3. HP: 29/29 MP: 3/3
  1229 | D:2      | Noticed Natasha
  1235 | D:2      | Killed Natasha
  1236 | D:2      | Reached XP level 4. HP: 33/40 MP: 4/4
  1250 | D:2      | Noticed Natasha
  1261 | D:2      | Killed Natasha
  1414 | D:2      | Noticed Natasha
  1415 | D:2      | Noticed Jessica
  1423 | D:2      | Killed Natasha
  1424 | D:2      | Reached XP level 5. HP: 33/47 MP: 5/5
  1434 | D:2      | Killed Jessica
  1435 | D:2      | Reached skill level 5 in Fighting
  2117 | D:3      | Became a worshipper of Beogh the Brigand
  2650 | D:3      | You fall into a shaft and drop 1 floor!
  2865 | D:4      | Reached XP level 6. HP: 56/56 MP: 6/6
  2911 | D:4      | Noticed a black bear
  2920 | D:4      | Killed a black bear
  2921 | D:4      | Reached skill level 5 in Axes
  2990 | D:4      | Found Sabe's Jewellery Shop.
  3109 | D:5      | Entered Level 5 of the Dungeon
  3124 | D:5      | Reached skill level 6 in Fighting
  3124 | D:5      | Gained mutation: You possess an exceptional clarity of
                  | mind. [potion of mutation]
  3124 | D:5      | Gained mutation: You have a somewhat thin skeletal
                  | structure. (Dex +2, Stealth+) [potion of mutation]
  3124 | D:5      | Gained mutation: You occasionally shout uncontrollably at
                  | your foes. [potion of mutation]
  3126 | D:5      | Reached XP level 7. HP: 21/63 MP: 7/7
  3138 | D:4      | Mangled by an ogre

Illustrated notes

Levels and vault maps discovered:
D:1:      saegor_arrival_simple_b, layout_basic,
          hellmonk_ecumenical_altar_leap_of_faith, serial_shops,
          nicolae_lakefront_shop, hangedman_decor_peaks_small,
          hangedman_decor_clover_reticule, st_stairs_10, minmay_misc_feat_rows,
          skrybe_limestone_x, columned_hall_lemuel, minmay_misc_feat_rugged,
          minivault_4
D:2:      layout_basic, uniq_jessica, uniq_natasha
D:3:      layout_loops_ring, uniq_grinder
D:4:      layout_basic, serial_shops, shop
D:5:      layout_rooms, amcnicky_mini_corridor_feature

Skill      XL: |  1  2  3  4  5  6 |
---------------+-------------------+-----
Axes           | 3 4 5 |  5.8
Fighting       | 4 5 6 |  6.2
Shields        | 4 |  4.8
Armour         | 4 |  4.6
Short Blades   | |  0.2
Maces & Flails | |  0.3

Action                   |  1- 3 |  4- 6 |  7- 9 || total
-------------------------+-------+-------+-------++-------
Melee: War axe           |    55 |   123 |     1 ||   179
       Whip              |    39 |       |       ||    39
       Short sword       |     9 |     4 |       ||    13
Invok: Convert to Beogh  |       |     1 |       ||     1
  Use: Potion            |     2 |     3 |       ||     5
       Scroll            |       |     3 |       ||     3
Armor: Scale mail        |    54 |    59 |    10 ||   123
Dodge: Dodged            |    26 |    31 |     3 ||    60
Block: Kite shield       |    48 |   130 |    11 ||   189
       Reflection        |       |     3 |       ||     3

Table legend: (Time is in decaauts)
 A = Elapsed time spent in this place.
 B = Non-inter-level travel time spent in this place.
 C = Inter-level travel time spent in this place.
 D = Time resting spent in this place.
 E = Time spent auto-exploring this place.
 F = Levels seen in this place.
 G = Mean time per level.
                   A        B        C        D        E       F      G
               +--------+--------+--------+--------+--------+-----+--------+
         Total |   3256 |   2720 |    536 |    669 |    954 |   5 |  651.2 |
       Dungeon |   3256 |   2720 |    536 |    669 |    954 |   5 |  651.2 |
               +--------+--------+--------+--------+--------+-----+--------+

Top non-repeatable levels by time:
     D:2: 1310 daAuts
     D:1: 785 daAuts
     D:3: 653 daAuts
     D:4: 472 daAuts
     D:5: 34 daAuts
